 Dungeon Crawl Stone Soup version 0.23-a0-760-g92239d2 (webtiles) character file.

115 SmSkdm the Magician (level 5, -1/34 HPs)
             Began as a Kitsune Transmuter on May 9, 2019.
             Slain by Grinder (5 damage)
             ... on level 3 of the Dungeon.
             The game lasted 00:08:07 (3060 turns).

SmSkdm the Magician (Kitsune Transmuter)            Turns: 3060, Time: 00:08:08

Health: -1/34      AC:  2    Str:  8    XL:     5   Next: 20%
Magic:  3/10       EV: 16    Int: 16    God:
Gold:   60         SH:  0    Dex: 17    Spells: 4/10 levels left

rFire    . . .     SeeInvis .     - Unarmed
rCold    . . .     Gourm    .   (no shield)
rNeg     . . .     Faith    .   b - +0 robe
rPois    .         Spirit   .   (helmet restricted)
rElec    .         Reflect  .   (no cloak)
rCorr    .         Harm     .   (no gloves)
MR       .....                  (no boots)
Stlth    ++........             (no amulet)
HPRegen  0.11/turn              l - +4 ring of evasion (curse)
MPRegen  0.12/turn              (no ring)

@: exhausted
A: charm monsters, no helmets, claws 1
a: Charm Monsters


You were on level 3 of the Dungeon.
You were not hungry.

You visited 1 branch of the dungeon, and saw 3 of its levels.

You collected 60 gold pieces.

Inventory:

Missiles
 a - 14 arrows
Armour
 b - a +0 robe (worn)
 k - a +0 large shield
Jewellery
 l - a cursed +4 ring of evasion (left claw)
Scrolls
 c - a scroll of random uselessness {unknown}
 f - a scroll of immolation {unknown}
 h - a scroll of remove curse {unknown}
 i - 3 scrolls of identify {unknown}
 j - 4 scrolls of teleportation {unknown}
Potions
 e - a potion of agility {unknown}
 g - a potion of brilliance {unknown}
 m - 2 potions of curing {unknown}
 o - 2 potions of might {unknown}
 p - 2 potions of flight {unknown}
 q - a potion of invisibility {unknown}
 r - a potion of berserk rage {unknown}
 s - 2 potions of haste {unknown}
Comestibles
 d - 4 rations
 n - 9 chunks of flesh


   Skills:
 + Level 1.9 Fighting
 - Level 1.5 Dodging
 + Level 3.3 Unarmed Combat
 + Level 3.4 Spellcasting
 + Level 3.3 Transmutations


You had 4 spell levels left.
You knew the following spells:

 Your Spells              Type           Power        Failure   Level  Hunger
a - Beastly Appendage     Tmut           ##....       4%          1    None
b - Sticks to Snakes      Tmut           ##......     7%          2    ##.....
c - Spider Form           Tmut/Pois      #.........   26%         3    ###....

Your spell library contained the following spells:

 Spells                   Type           Power        Failure   Level  Hunger
 Ice Form                 Ice/Tmut       #.......     65%         4    ####...
 Blade Hands              Tmut           ##........   77%         5    ######.


Dungeon Overview and Level Annotations

Branches:
Dungeon (3/15)

Altars:
Makhleb
Okawaru

Annotations:
D:3 Grinder


Innate Abilities, Weirdness & Mutations

You can charm monsters.
You have fox ears (no helmets).
You have sharp fingernails.


Message History

Unknown command.
An orc comes into view. It is wielding a +0 flail.
The orc shouts!
Your adder bites the orc.
Your ball python bites the orc but does no damage.
Your ball python constricts the orc.
The orc barely misses your ball python.
The orc hits your adder with a +0 hand axe.
The orc hits you with a +0 hand axe.
Found an iron altar of Okawaru.
Unknown command.
Unknown command.
You barely miss the orc.
The orc is heavily wounded.
Your adder bites the orc.
The orc dies!
Your ball python misses Grinder.
Your ball python grabs Grinder.
Your ball python constricts Grinder.
Grinder hits you!
* * * LOW HITPOINT WARNING * * *
You writhe in agony.
You die...

#....##....#≈≈≈≈≈≈≈≈≈
#....#...###≈.≈≈≈≈≈≈≈
#..>.).....#.≈≈≈≈≈≈≈≈
#....#####.#≈..≈.≈.≈.
#####....#####...≈..≈...≈
......................##.
.#...SS.##..########....
#....5)#..###..........
#.....@S.#. ..#####.#..
######.....# ...##÷
....#.# ...####. .#..##
............ ....##
##...####### .♣ ..# .## #
.♣ o.. ._ .♣..


You could see Grinder, an orc, a friendly adder and 2 friendly ball pythons.

Vanquished Creatures
  A hound (D:2)
  A gnoll (D:2)
  A worm (D:2)
  A leopard gecko (D:3)
  3 orcs (D:3)
  4 giant cockroaches
  6 goblins
  5 hobgoblins
  5 jackals
  5 kobolds
  2 quokkas
  A ball python (D:3)
  3 bats
  4 frilled lizards
  2 rats (D:1)
44 creatures vanquished.

Vanquished Creatures (collateral kills)
  3 gnolls (D:2)
  A worm (D:2)
  An orc (D:3)
5 creatures vanquished.

Grand Total: 49 creatures vanquished

Notes
Turn   | Place    | Note
-------+----------+-------------------------------------------
     0 | D:1      | SmSkdm the Kitsune Transmuter began the quest for the Orb.
     0 | D:1      | Reached XP level 1. HP: 12/12 MP: 3/3
   166 | D:1      | Reached skill level 1 in Fighting
   166 | D:1      | Reached XP level 2. HP: 5/18 MP: 5/5
   637 | D:1      | Learned a level 2 spell: Sticks to Snakes
  1233 | D:2      | Reached XP level 3. HP: 4/23 MP: 7/7
  1847 | D:2      | Reached XP level 4. HP: 25/28 MP: 1/8
  2439 | D:2      | Learned a level 3 spell: Spider Form
  2509 | D:2      | Found a burning altar of Makhleb.
  2731 | D:3      | Reached XP level 5. HP: 31/34 MP: 7/10
  2880 | D:3      | Found a faded altar of an unknown god.
  3048 | D:3      | Noticed Grinder
  3059 | D:3      | Found an iron altar of Okawaru.
  3060 | D:3      | Slain by Grinder

Vault maps used:
D:1:      lightli_arrival_isolated_outpost
D:2:      makhleb_heckhound_becter
D:3:      chequers_ecumenical_altar_island, chequers_serial_rivers_room_a,
          minmay_misc_feat_ornament, okawaru_trees_2, uniq_terence, uniq_grinder

Skill      XL: |  1  2  3  4 |
---------------+-------------+-----
Fighting       | 1 |  1.9
Unarmed Combat | 3 |  3.3
Spellcasting   | 3 |  3.4
Transmutations | 3 |  3.3
Dodging        | |  1.5

Action                   |  1- 3 |  4- 6 || total
-------------------------+-------+-------++-------
Melee: Unarmed           |    85 |   120 ||   205
       Headbutt          |     1 |       ||     1
       Kick              |     1 |       ||     1
       Punch             |       |     1 ||     1
 Cast: Beastly Appendage |     5 |       ||     5
       Sticks to Snakes  |     4 |     5 ||     9
       Spider Form       |       |     3 ||     3
 Abil: Charm Monsters    |     6 |     5 ||    11
 Stab: Betrayed ally     |     1 |     1 ||     2
       Distracted        |       |     1 ||     1
       Sleeping          |       |     1 ||     1
  Eat: Chunk             |     2 |     2 ||     4
       Ration            |       |     1 ||     1
Armor: Robe              |    18 |    12 ||    30
Dodge: Dodged            |    50 |   101 ||   151

Table legend:
 A = Non-vault XP
 B = Vault XP
 C = Vault XP percentage of total XP
 D = Non-vault monster count
 E = Vault monster count
 F = Vault count percentage of total count
                 A         B        C        D         E       F
            +---------+---------+-------+---------+---------+-------
      Total |     123 |      42 |  25.5 |      47 |       1 |   2.1
            +---------+---------+-------+---------+---------+-------
        D:1 |      23 |       0 |   0.0 |      13 |       0 |   0.0
        D:2 |      64 |      42 |  39.6 |      16 |       1 |   5.9
        D:3 |      36 |       0 |   0.0 |      18 |       0 |   0.0
            +---------+---------+-------+---------+---------+-------
